 Dungeon Crawl Stone Soup version 0.26.1 (webtiles) character file.

Game seed: 9174511957315507697

650 Gadfly the Unbeliever (level 7, -4/99 HPs)
             Began as an Ogre Gladiator on Feb 7, 2021.
             Slain by a worker ant (5 damage)
             ... on level 4 of the Dungeon.
             The game lasted 00:05:48 (6464 turns).

Gadfly the Unbeliever (Ogre Gladiator)              Turns: 6464, Time: 00:05:49

Health: -4/99      AC: 23    Str: 21    XL:     7   Next: 53%
Magic:  10/10      EV:  1    Int:  9    God:
Gold:   263        SH:  0    Dex: 10    Spells: 6/6 levels left

rFire    . . .     SeeInvis .   a - +1 flail
rCold    + . .     Faith    .   (no shield)
rNeg     + + +     Spirit   .   (armour currently unavailable)
rPois    +         Reflect  .   (helmet currently unavailable)
rElec    .         Harm     .   (cloak currently unavailable)
rCorr    .         Rampage  .   (gloves unavailable)
Will     .....     NoTele   +   (boots unavailable)
Stlth    +.........             m - amulet of inaccuracy (curse)
HPRegen  0.26/turn              l - ring of protection from cold
MPRegen  0.12/turn              p - -4 ring of evasion (curse)

@: lethally poisoned (-4 -> -9), tree-form (expiring)
A: large, unfitting armour
a: no special abilities


You were on level 4 of the Dungeon.
You were a tree.
You visited 1 branch of the dungeon, and saw 4 of its levels.

You collected 263 gold pieces.

Inventory:

Hand Weapons
 a - a +1 flail (weapon)
 o - a +0 giant club
Missiles
 d - 3 throwing nets
 i - 106 stones (quivered)
Armour
 b - a +0 robe (melded)
 c - a +1 hat (melded)
Jewellery
 f - an uncursed amulet of faith
 g - an uncursed amulet of reflection
 l - a ring of protection from cold (left branch)
 m - a cursed amulet of inaccuracy (around neck)
 p - a cursed -4 ring of evasion (right branch)
Wands
 h - a wand of random effects (18)
 n - a wand of polymorph (5)
 r - a wand of disintegration (12)
Scrolls
 j - 7 scrolls of teleportation
 s - a scroll of identify
Potions
 k - a potion of lignification
 q - a potion of resistance
 t - a potion of haste


   Skills:
 - Level 2.6 Fighting
 + Level 3.6 Maces & Flails
 + Level 3.3 Throwing
 * Level 3.0 Armour
 - Level 2.6 Dodging
 * Level 4.1 Invocations
 * Level 3.0 Evocations


You had 6 spell levels left.
You didn't know any spells.
Your spell library was empty.

Dungeon Overview and Level Annotations

Branches:
Dungeon (4/15)
 Temple: D:4-7

Altars:


Innate Abilities, Weirdness & Mutations

You are too large for most types of armour.
((You have tough skin. (AC +1)))


Message History

The worker ant waves its antennae.
The worker ant bites you.
* * * LOW HITPOINT WARNING * * *
You closely miss the worker ant.
The worker ant is almost dead.
You feel sick.
The worker ant bites you but does no damage. x2
The worker ant bites you.
* * * LOW HITPOINT WARNING * * *
You are more poisoned.
The worker ant poisons you!
Okay, then.
You miss the worker ant.
The worker ant is almost dead.
Your transformation is almost over.
* * * LOW HITPOINT WARNING * * *
You feel sick.
The worker ant bites you but does no damage.
The worker ant bites you.
You die...

........#.................
.#.#.#..#.................
.......##.................
.#.#.#. ##................
....... #.....#####.....#
?..#### #..#### ##..###
### #.## ##.# ##B# #...
#♣## #### #.# ###


You could see a worker ant (fast).

Vanquished Creatures
  A water moccasin (D:4)
  2 ogres (D:4)
  A howler monkey (D:4)
  An orc priest (D:4)
  A gnoll shaman (D:2)
  An iguana (D:4)
  3 orc wizards (D:3)
  A hound skeleton (D:4)
  4 adders
  3 oozes
  An adder skeleton (D:4)
  3 worms
  3 dart slugs
  4 leopard geckos
  6 orcs (D:3)
  3 ball pythons
  7 bats
  A giant cockroach (D:2)
  9 goblins
  10 hobgoblins
  8 jackals
  8 kobolds
  A quokka (D:3)
  8 frilled lizards
  3 rats
93 creatures vanquished.

Notes
Turn   | Place    | Note
-------+----------+-------------------------------------------
     0 | D:1      | Gadfly the Ogre Gladiator began the quest for the Orb.
     0 | D:1      | Reached XP level 1. HP: 22/22 MP: 1/1
    47 | D:1      | Reached XP level 2. HP: 8/29 MP: 2/2
   361 | D:1      | Reached skill level 1 in Invocations
   781 | D:1      | Reached XP level 3. HP: 28/36 MP: 2/4
   966 | D:1      | Reached skill level 1 in Armour
  1054 | D:1      | HP: 1/36 [leopard gecko (1)]
  1843 | D:2      | Reached skill level 1 in Evocations
  2107 | D:2      | Reached XP level 4. HP: 35/44 MP: 5/5
  2599 | D:2      | Reached skill level 2 in Invocations
  2983 | D:2      | Reached XP level 5. HP: 43/50 MP: 6/6
  4378 | D:3      | Reached skill level 3 in Invocations
  4378 | D:3      | Reached XP level 6. HP: 48/59 MP: 8/8
  5505 | D:4      | Reached XP level 7. HP: 35/66 MP: 9/9
  5925 | D:4      | Reached skill level 4 in Invocations
  6463 | D:4      | HP: 1/99 [worker ant (4)]
  6464 | D:4      | Slain by a worker ant

Illustrated notes

Levels and vault maps discovered:
D:1:      minmay_arrival_five_plusses, layout_basic, dk_noncrumbling_3,
          minmay_pentomino_x4
D:2:      layout_rooms, minmay_small_reverse_x
D:3:      layout_basic, minmay_misc_feat_tower
D:4:      layout_layer_cave, serial_glass, glass_columns_b, glass_columns_b,
          minmay_diced_spiral

Skill      XL: |  1  2  3  4  5  6  7 |
---------------+----------------------+-----
Invocations    | 1 2 3 4 |  4.1
Armour         | 1 2 3 |  3.0
Evocations     | 1 2 3 |  3.0
Maces & Flails | 3 |  3.6
Throwing       | 3 |  3.3
Fighting       | |  2.6
Dodging        | |  2.6

Action                   |  1- 3 |  4- 6 |  7- 9 || total
-------------------------+-------+-------+-------++-------
Melee: Flail             |   176 |   230 |    83 ||   489
Throw: Stone             |       |     7 |    12 ||    19
Evoke: Wand              |       |     2 |     5 ||     7
  Use: Scroll            |     3 |     8 |     2 ||    13
       Potion            |       |     2 |     2 ||     4
 Stab: Sleeping          |       |     2 |       ||     2
       Paralysed         |       |     4 |       ||     4
Armor: Robe              |    97 |    78 |    28 ||   203
       Skin              |       |       |    26 ||    26
Dodge: Dodged            |   176 |   115 |    25 ||   316
Block: Other             |       |    22 |       ||    22
